 Dungeon Crawl Stone Soup version 0.23.2 (webtiles) character file.

Game seed: 14830864128334158469

45 brainwave the Slasher (level 3, -1/33 HPs)
             Began as a Minotaur Berserker on Mar 31, 2019.
             Was a Follower of Trog.
             Slain by Terence
             ... wielding a +0 mace
              (9 damage)
             ... on level 2 of the Dungeon.
             The game lasted 00:13:24 (2630 turns).

brainwave the Slasher (Minotaur Berserker)          Turns: 2630, Time: 00:13:25

Health: -1/33      AC:  2    Str: 22    XL:     3   Next: 42%
Magic:  2/2        EV: 12    Int:  4    God:    Trog [*.....]
Gold:   235        SH:  0    Dex:  9    Spells: 2/2 levels left

rFire    + . .     SeeInvis .   a - +0 falchion
rCold    x . .     Gourm    .   (no shield)
rNeg     . . .     Faith    .   b - +0 animal skin
rPois    .         Spirit   .   (helmet restricted)
rElec    .         Reflect  .   (no cloak)
rCorr    .         Harm     .   (no gloves)
MR       .....                  (no boots)
Stlth    +.........             (no amulet)
HPRegen  0.11/turn              d - ring of fire
MPRegen  0.08/turn              (no ring)

@: no status effects
A: retaliatory headbutt, horns 2
a: Berserk, Renounce Religion


You were on level 2 of the Dungeon.
You worshipped Trog.
Trog was aware of your devotion.
You were not hungry.

You visited 1 branch of the dungeon, and saw 2 of its levels.

You collected 235 gold pieces.

Inventory:

Hand Weapons
 a - a +0 falchion (weapon)
 g - a +0 dagger
 k - a +0 dagger
 q - a +0 club
 r - a +0 dagger
 u - a +0 dagger
 v - a +0 short sword
 z - a +0 short sword
 A - a +0 club
Missiles
 e - 33 bolts
 f - 8 curare-tipped needles
 h - 44 sling bullets
 m - 16 poisoned needles
 t - 50 stones (quivered)
Armour
 b - a +0 animal skin (worn)
 x - a cursed +0 chain mail
Jewellery
 d - a ring of fire (left hand)
 w - an uncursed ring of see invisible {unknown}
Scrolls
 j - a scroll of teleportation {unknown}
 o - a scroll of amnesia {unknown}
 p - 3 scrolls of remove curse {unknown}
 s - a scroll of identify
 y - a scroll of fog {unknown}
Potions
 i - a potion of invisibility {unknown}
 l - 2 potions of mutation {unknown}
 n - a potion of heal wounds
Comestibles
 c - 4 rations


   Skills:
 + Level 4.3 Fighting
 + Level 4.5 Long Blades
 + Level 2.5 Armour
 + Level 2.5 Dodging
 + Level 0.5 Stealth


You had 2 spell levels left.
You didn't know any spells.
Your spell library was empty.

Dungeon Overview and Level Annotations

Branches:
Dungeon (2/15)

Altars:
Ru
Vehumet
Wu Jian

Annotations:
D:2 Terence


Innate Abilities, Weirdness & Mutations

You reflexively headbutt those who attack you in melee.
You have a pair of horns on your head.


Message History

You hit Terence.
Terence is lightly wounded.
Terence barely misses you. You furiously retaliate!
You headbutt Terence, but do no damage.
You riposte.
You hit Terence but do no damage.
Terence is lightly wounded.
You hit Terence. You headbutt Terence.
Terence is heavily wounded.
Terence hits you with a +0 mace.
You barely miss Terence.
Terence is heavily wounded.
Terence hits you with a +0 mace.
You hit Terence.
Terence is severely wounded.
Terence hits you with a +0 mace!
* * * LOW HITPOINT WARNING * * *
You closely miss Terence.
Terence is severely wounded.
Terence hits you with a +0 mace!
You die...

#.# #.#
#.#### .....#
#.##.# .
#.##.# ...
#@##.#
.....##@##.#
...........##
.....##.....#
#.# .$..
#.###.# #.#
### #...#.#
#.# #.#.#.#
#.# #.....#
#.# ###.###
#># #######
#.#


You could see Terence.

Vanquished Creatures
  2 adders (D:2)
  2 worms (D:2)
  A dart slug (D:1)
  A bat (D:1)
  3 giant cockroaches
  5 hobgoblins
  3 kobolds (D:1)
  A frilled lizard (D:2)
  A rat (D:1)
  A bush (D:2)
  11 fungi (D:2)
  A plant (D:2)
  4 toadstools (D:2)
36 creatures vanquished.

Vanquished Creatures (others)
  A toadstool (D:2)
1 creature vanquished.

Grand Total: 37 creatures vanquished

Notes
Turn   | Place    | Note
-------+----------+-------------------------------------------
     0 | D:1      | brainwave the Minotaur Berserker began the quest for the
                  | Orb.
     0 | D:1      | Reached XP level 1. HP: 19/19 MP: 0/0
   901 | D:1      | Reached XP level 2. HP: 27/27 MP: 1/1
  1507 | D:2      | Found a radiant altar of Vehumet.
  1507 | D:2      | Found a sacrificial altar of Ru.
  1511 | D:2      | Found an ornate altar of the Wu Jian Council.
  2011 | D:2      | Reached XP level 3. HP: 31/33 MP: 2/2
  2615 | D:2      | Noticed Terence
  2630 | D:2      | Slain by Terence

Skill      XL: |  1  2 |
---------------+-------+-----
Fighting       | 4 |  4.3
Long Blades    | 4 |  4.5
Armour         | |  2.5
Dodging        | |  2.5
Stealth        | |  0.5

Action                   || total
-------------------------++-------
Melee: Falchion          ||   215
       Headbutt          ||    71
  Use: Scroll            ||     1
  Eat: Ration            ||     2
Armor: Animal skin       ||     6
Dodge: Dodged            ||    32
       Rpst.: Falchion   ||     8
